Unix NetHack Version 5.0.0-0 post-release - last build Jun 10 2026 00:39:30 (3ee93aec679c4c4259841fe613dc97188e26a321,branch:main).

Game began 2026-06-23 13:55:40, ended 2026-06-24 12:18:56.

JPB01, chaotic male elven Wizard

       ---------------
       +.............|
       |.............|
       |......f......|
       |.......@......
       --------+------

JPB01 the Evoker          St:9 Dx:12 Co:16 In:20 Wi:8 Ch:10  Chaotic
Dlvl:1  $:0  HP:0(11) Pw:9(9) AC:9  Xp:1 T:1 

Latest messages:
 Shall I pick character's race, role, gender and alignment for you? [ynaq] n
 [Anhur has chosen you to recover the Amulet of Yendor for Him.]
 Hello JPB01, welcome to NetHack!  You are a chaotic male elven Wizard.
 Really save? [yn] (n) y
 Saving...
 Restoring save file...
 Hello JPB01, the elven Wizard, welcome back to NetHack!
 What do you want to drink? [fgh or ?*] ?
 Never mind.
 What do you want to read? [ijklm or ?*] ?
 As you read the scroll, it disappears.
 What type of monster do you want to genocide? wizard
 Wiped out all wizards.
 Do not pass Go.  Do not collect 200 zorkmids.
 Do you want your possessions identified? [ynq] (y) q

Inventory:
 Weapons  (')')
  a - a blessed +1 quarterstaff (weapon in hands)
 Armor    ('[')
  b - an uncursed +0 cloak of magic resistance (being worn)
 Scrolls  ('?')
  i - an uncursed scroll of enchant weapon
  k - an uncursed scroll of remove curse
 Spellbooks  ('+')
  l - a blessed spellbook of force bolt
  m - an uncursed spellbook of haste self
 Potions  ('!')
  f - an uncursed potion of full healing
  h - an uncursed potion of oil
  g - an uncursed potion of see invisible
 Rings    ('=')
  e - an uncursed ring of polymorph
  d - an uncursed ring of sustain ability
 Wands    ('/')
  c - a wand of opening (0:6)
 Tools    ('(')
  o - an uncursed tooled horn
  n - a magic marker (0:19)

JPB01 the Wizard's attributes:

Background:
 You were an Evoker, a level 1 male elven Wizard.
 You were chaotic, on a mission for Anhur
 who was opposed by Ptah (lawful) and Thoth (neutral).
 You were right-handed.
 You were in the Dungeons of Doom, on level 1.
 You had just started your adventure.
 You had 0 experience points, 20 were needed to attain level 2.

Basics:
 You had 0 out of 11 hit points.
 You had all 9 energy points (spell power).
 Your armor class was 9.
 Your wallet was empty.
 Autopickup was off.

Final Characteristics:
 Your strength was 9 (limit:18).
 Your dexterity was 12 (limit:18).
 Your constitution was 16 (limit:16).
 Your intelligence was 20 (limit:20).
 Your wisdom was 8 (limit:20).
 Your charisma was 10 (limit:18).

Final Status:
 You weren't hungry.
 You were unencumbered.
 You were wielding a quarterstaff.
 You had basic skill with quarterstaff.

Final Attributes:
 You were nominally aligned.
 You were magic-protected.
 You had infravision.
 You were warded.
 You are dead.

Miscellaneous:
 You disabled loading and storing of bones levels.
 Total elapsed playing time was 7 seconds.

Major events:
 Turn
    1: JPB01 the chaotic male elven Wizard entered the dungeon
    1: performed his first genocide (wizards)
    1: killed by a scroll of genocide

Spells:
 Name                 Level Category     Fail Retention
 force bolt             1   attack         0%      100%
 haste self             3   escape        71%      100%

Skills:
 Fighting Skills
   bare handed combat [Unskilled]
   riding             [Unskilled]
 Weapon Skills
   dagger             [Unskilled]
   knife              [Unskilled]
   axe                [Unskilled]
   short sword        [Unskilled]
   club               [Unskilled]
   mace               [Unskilled]
   quarterstaff       [Basic]
   polearms           [Unskilled]
   spear              [Unskilled]
   trident            [Unskilled]
   sling              [Unskilled]
   dart               [Unskilled]
   shuriken           [Unskilled]
 Spellcasting Skills
   attack spells      [Basic]
   healing spells     [Unskilled]
   divination spells  [Unskilled]
   enchantment spells [Basic]
   clerical spells    [Unskilled]
   escape spells      [Unskilled]
   matter spells      [Unskilled]

Voluntary challenges:
 Your character was rerolled 57 times.
 You went without food.
 You were an atheist.
 You never hit with a wielded weapon.
 You were a pacifist.
 You genocided 1 type of monster.
 You never polymorphed an object.
 You never changed form.
 You used no wishes.

 The Dungeons of Doom:
    Level 1: <- You were here.
       Final resting place for
          you, killed by a scroll of genocide.


No creatures were vanquished.

Genocided species:
 wizards
1 species genocided.

Game over:
                       ----------
                      /          \
                     /    REST    \
                    /      IN      \
                   /     PEACE      \
                  /                  \
                  |      JPB01       |
                  |       0 Au       |
                  |   killed by a    |
                  |    scroll of     |
                  |     genocide     |
                  |                  |
                  |       2026       |
                 *|     *  *  *      | *
        _________)/\\_//(\/(/\)/\//\/|_)_______

Goodbye JPB01 the Wizard...

You were genocided in The Dungeons of Doom on dungeon level 1 with 0 points,
and 0 pieces of gold, after 1 move.
You were level 1 with a maximum of 11 hit points when you were genocided.

